 Dungeon Crawl Stone Soup version 0.25-a0-663-gace7076 (webtiles) character file.

Game seed: 10996032124420969599, levelgen mode: deterministic

61 Faca the Skirmisher (level 4, 0/37 HPs)
             Began as a Human Fighter on Mar 24, 2020.
             Succumbed to an adder's poison
             ... on level 2 of the Dungeon.
             The game lasted 00:03:23 (1832 turns).

Faca the Skirmisher (Human Fighter)                 Turns: 1832, Time: 00:03:24

Health: 0/37       AC:  9    Str: 18    XL:     4   Next: 27%
Magic:  4/4        EV:  4    Int:  8    God:
Gold:   42         SH:  9    Dex: 12    Spells: 3/3 levels left

rFire    . . .     SeeInvis .   a - +0 long sword
rCold    . . .     Gourm    .   c - +0 kite shield
rNeg     . . .     Faith    .   g - +0 chain mail
rPois    .         Spirit   .   (no helmet)
rElec    .         Reflect  .   (no cloak)
rCorr    .         Harm     .   (no gloves)
MR       .....                  (no boots)
Stlth    ..........             (no amulet)
HPRegen  0.12/turn              (no ring)
MPRegen  0.09/turn              (no ring)

@: lethally poisoned (0 -> -5), hasted, very quick
A: no striking features
a: no special abilities


You were on level 2 of the Dungeon.
You were not hungry.

You visited 1 branch of the dungeon, and saw 2 of its levels.

You collected 42 gold pieces.

Inventory:

Hand Weapons
 a - a +0 long sword (weapon)
Armour
 c - a +0 kite shield (worn)
 g - a +0 chain mail (worn)
Wands
 i - a wand of polymorph (4)
Scrolls
 e - a scroll of remove curse
 h - a scroll of teleportation
Potions
 d - a potion of might
 j - a potion of mutation
Comestibles
 f - 6 rations


   Skills:
 + Level 4.0 Fighting
 + Level 3.2 Long Blades
 - Level 3.0 Armour
 - Level 3.0 Shields


You had 3 spell levels left.
You didn't know any spells.
Your spell library was empty.

Dungeon Overview and Level Annotations

Branches:
Dungeon (2/15)

Altars:
Nemelex Xobeh


Message History

Your Fighting skill increases to level 4!
* * * LOW HITPOINT WARNING * * *
You feel sick.
It was a potion of haste.
You feel yourself speed up.
* * * LOW HITPOINT WARNING * * *
You feel sick.
Okay, then.
There is a lethal amount of poison in your body!
* * * LOW HITPOINT WARNING * * *
You feel sick.
Okay, then.
* * * LOW HITPOINT WARNING * * *
You feel sick.
* * * LOW HITPOINT WARNING * * *
You feel sick.
* * * LOW HITPOINT WARNING * * *
You feel sick.
* * * LOW HITPOINT WARNING * * *
You feel sick.
You die...

......# #...### ##.#
...########...#######..##
..................##....#
.....##.................#
.....#÷.................#
.......<................#
........................#
..÷..#..................#
.....#..........@.......#
.....##............######
########........(.##
############


There were no monsters in sight!

Vanquished Creatures
  3 adders (D:2)
  A worm (D:2)
  2 leopard geckos (D:1)
  6 bats
  2 giant cockroaches (D:1)
  2 goblins (D:1)
  2 hobgoblins (D:1)
  3 jackals (D:2)
  3 frilled lizards (D:2)
  2 kobolds (D:1)
  A rat (D:2)
27 creatures vanquished.

Notes
Turn   | Place    | Note
-------+----------+-------------------------------------------
     0 | D:1      | Faca the Human Fighter began the quest for the Orb.
     0 | D:1      | Reached XP level 1. HP: 18/18 MP: 1/1
   182 | D:1      | Reached XP level 2. HP: 21/24 MP: 2/2
   951 | D:2      | Found a sparkling altar of Nemelex Xobeh.
   996 | D:2      | Reached XP level 3. HP: 4/29 MP: 3/3
   998 | D:2      | HP: 1/29 [goblin (3)]
  1563 | D:2      | Reached XP level 4. HP: 13/37 MP: 4/4
  1819 | D:2      | Reached skill level 4 in Fighting
  1830 | D:2      | HP: 1/37 [poisoned by an adder]
  1832 | D:2      | Succumbed to an adder's poison

Levels and vault maps discovered:
D:1:      roderic_crossed_star, layout_basic
D:2:      layout_rooms, grunt_temple_overflow_open,
          nemelex_xobeh_ov_fountains_minmay

Skill      XL: |  1  2  3  4 |
---------------+-------------+-----
Long Blades    | 3 |  3.2
Fighting       | 4 |  4.0
Armour         | |  3.0
Shields        | |  3.0

Action                   |  1- 3 |  4- 6 || total
-------------------------+-------+-------++-------
Melee: Long sword        |   158 |    20 ||   178
  Use: Scroll            |     5 |       ||     5
       Potion            |       |     1 ||     1
  Eat: Chunk             |     2 |     1 ||     3
Armor: Scale mail        |    15 |       ||    15
       Chain mail        |   167 |    12 ||   179
Dodge: Dodged            |    51 |     3 ||    54
Block: Kite shield       |   120 |     8 ||   128
       Rpst.: Long sword |    16 |     1 ||    17

Table legend:
 A = Non-vault XP
 B = Vault XP
 C = Vault XP percentage of total XP
 D = Non-vault monster count
 E = Vault monster count
 F = Vault count percentage of total count
                 A         B        C        D         E       F
            +---------+---------+-------+---------+---------+-------
      Total |      88 |       0 |   0.0 |      27 |       0 |   0.0
            +---------+---------+-------+---------+---------+-------
        D:1 |      25 |       0 |   0.0 |      12 |       0 |   0.0
        D:2 |      63 |       0 |   0.0 |      15 |       0 |   0.0
            +---------+---------+-------+---------+---------+-------
